Map: Echo LE (Void)

Players

MarineLorD - Winner!

  • Race: Terran Terran
  • Spawn Location: 11:00

Beastyqt

  • Race: Terran Terran
  • Spawn Location: 5:00

Event: WESG 2016 Finals

VOD

Have the link to the VOD?

Description

Time

  • Played on: Jan. 11, 2017, 11:26 p.m.
  • Length: 6:55

All games in this series

Show
View Real Time Build Order
Export as new Build Order

MarineLorD Terran - Winner!

Build Orders: Cyclone Opening 

Get SALT Encoding   

  12  0:00  SCV  
  13  0:13  SCV  
  14  0:17  Supply Depot  
  14  0:25  SCV  
  15  0:29  Refinery  
  15  0:38  SCV  
  16  0:44  Barracks  
  16  0:50  SCV  
  16  0:56  Refinery  
  17  1:03  SCV  
  18  1:15  SCV  
  19  1:31  Orbital Command, Reaper  
  20  1:34  Factory  
  20  1:47  Supply Depot  
  20  1:56  SCV  
  21  2:03  Reaper  
  21  2:08  SCV  
  23  2:18  Cyclone  
  23  2:20  SCV  
  27  2:30  Command Center  
  27  2:32  SCV  
  28  2:37  Barracks Reactor  
  28  2:46  Starport  
  28  2:47  SCV  
  29  2:52  Supply Depot  
  29  2:54  Factory Tech Lab  
  28  3:07  SCV  
  30  3:20  SCV  
  30  3:24  Hellion x2  
  34  3:32  SCV  
  34  3:34  Raven  
  37  3:44  SCV  
  37  3:56  Hellion x2, SCV  
  37  4:00  Orbital Command  
  42  4:08  SCV  
  43  4:17  Hellion x2  
  43  4:20  SCV  
  47  4:24  Barracks Reactor, Viking  
  47  4:25  SCV  
  47  4:27  Supply Depot  
  50  4:32  SCV, Supply Depot  
  51  4:41  Hellion  
  51  4:42  SCV  
  51  4:44  SCV  
  51  4:45  Hellion  
  54  4:56  SCV  
  53  5:02  Hellion  
  53  5:06  Hellion  
  53  5:08  SCV  
  53  5:13  SCV  
  55  5:17  Command Center  
  55  5:20  SCV  
  56  5:23  Hellion  
  56  5:26  Viking x2  
  56  5:27  Hellion  
  64  5:29  SCV  
  64  5:33  SCV, Supply Depot  
  66  5:35  Supply Depot  
  66  5:41  Refinery, SCV  
  67  5:43  Refinery  
  67  5:45  Hellion, SCV  
  70  5:57  SCV  
  70  6:00  SCV  
  70  6:02  Viking  
  70  6:03  Factory  
  72  6:09  SCV  
  69  6:14  Viking  
  69  6:16  SCV  
  72  6:21  SCV  
  72  6:24  Hellion  
  72  6:25  Hellion  
  77  6:26  Barracks Tech Lab  
  77  6:28  Factory  
  77  6:29  Engineering Bay  
  77  6:34  SCV  
  77  6:36  SCV  
Show
View Real Time Build Order
Export as new Build Order

Beastyqt Terran 

Build Orders: Reaper Expand 

Get SALT Encoding   

  12  0:00  SCV  
  13  0:12  SCV  
  14  0:16  Supply Depot  
  14  0:24  SCV  
  15  0:29  Refinery  
  15  0:38  SCV  
  16  0:44  Barracks  
  16  0:50  SCV  
  17  1:02  SCV  
  18  1:14  SCV  
  19  1:30  Orbital Command  
  19  1:31  Reaper  
  20  1:46  Command Center  
  20  1:56  Factory  
  20  1:58  SCV  
  21  2:06  Supply Depot  
  21  2:09  Reaper  
  21  2:13  SCV  
  23  2:17  Refinery  
  23  2:28  SCV  
  24  2:40  SCV  
  24  2:42  Starport  
  25  2:45  Marine  
  25  2:46  Widow Mine  
  28  2:52  SCV  
  29  3:02  Orbital Command  
  29  3:04  SCV  
  29  3:05  Barracks Reactor  
  29  3:16  SCV, Cyclone  
  33  3:28  SCV x2  
  33  3:34  Viking  
  36  3:40  SCV x2  
  37  3:52  SCV x2  
  37  3:56  Marine  
  37  3:57  Marine  
  37  3:58  Hellion  
  41  4:04  SCV  
  41  4:05  SCV  
  41  4:07  Viking  
  45  4:11  Supply Depot  
  45  4:16  Marine, SCV  
  45  4:17  SCV  
  46  4:30  Factory Tech Lab  
  46  4:33  SCV x2  
  46  4:35  Supply Depot  
  46  4:37  Marine  
  49  4:40  Command Center  
  49  4:41  Starport Reactor  
  49  4:45  SCV  
  50  4:50  SCV  
  49  4:55  Siege Tank  
  49  4:56  Marine x2  
  49  4:58  SCV  
  51  5:06  SCV  
  52  5:13  Barracks x2, SCV  
  50  5:15  Marine x2  
  50  5:27  Siege Tank  
  52  5:28  SCV  
  52  5:31  SCV  
  52  5:34  Marine x2, Engineering Bay  
  52  5:35  Engineering Bay, Starport Reactor  
  56  5:40  SCV  
  56  5:41  Refinery  
  56  5:42  Refinery  
  57  5:44  SCV  
  57  5:46  Supply Depot  
  58  5:53  SCV  
  58  5:56  SCV  
  51  6:00  Siege Tank  
  54  6:08  SCV  
  54  6:09  Barracks Tech Lab  
  54  6:10  Barracks Reactor  
  48  6:11  SCV  
  48  6:14  Orbital Command  
  48  6:17  Marine x2  
  50  6:20  SCV  
  50  6:23  SCV  
  52  6:30  Marine, Supply Depot  
  52  6:31  Supply Depot  
  53  6:33  SCV  
  53  6:35  SCV  
  55  6:43  SCV  
Tags
 
Add a new tag
Caveats
  • Supply blocks, unpowered buildings, or Contaminate may cause inaccurate times.
  • Supply counts are checked every 10 seconds.